 Dungeon Crawl Stone Soup version 0.29-a0-275-g389c0b56f3 (webtiles) character file.

Game seed: 13819989300247881065

10757 jlumianski the Cleaver (level 11, 0/86 HPs)
             Began as a Demonspawn Fighter on Mar 11, 2022.
             Was an Elder of Okawaru.
             Slain by a deep troll (9 damage)
             ... on level 10 of the Dungeon.
             The game lasted 01:06:21 (10345 turns).

jlumianski the Cleaver (Demonspawn Fighter)        Turns: 10345, Time: 01:06:22

Health: 0/86       AC: 20    Str: 21    XL:     11   Next: 40%
Magic:  12/16      EV:  7    Int: 15    God:    Okawaru [****..]
Gold:   534        SH: 10    Dex: 13    Spells: 10/10 levels left

rFire   . . .      SeeInvis .   a - +0 war axe (flame)
rCold   + . .      Faith    .   c - +0 buckler
rNeg    . . .      Spirit   .   k - +0 plate armour
rPois   .          Reflect  .   w - +1 helmet
rElec   .          Harm     .   h - +0 cloak
rCorr   .          Rampage  .   (no gloves)
Will    .....      Rage     1%  z - +0 pair of boots
Stlth   ..........              p - amulet of regeneration
HPRegen 1.04/turn               m - +6 ring of intelligence
MPRegen 0.15/turn               (no ring)

@: finesse-ful
A: claws 2, slimy green scales 1, spiny 2, talons 1, large bone plates 1,
berserk 1, cold resistance 1
a: Renounce Religion, Heroism, Finesse


You were on level 10 of the Dungeon.
You worshipped Okawaru.
Okawaru was greatly pleased with you.
You visited 2 branches of the dungeon, and saw 11 of its levels.

You collected 534 gold pieces.

Inventory:

Hand Weapons
 a - a +0 war axe of flaming (weapon)
 A - a +4 mace of freezing
Missiles
 i - 256 stones
 s - 26 poisoned darts (quivered)
 K - 5 atropa-tipped darts
Armour
 c - a +0 buckler (worn)
 h - a +0 cloak (worn)
 k - a +0 plate armour (worn)
 w - a +1 helmet (worn)
 z - a +0 pair of boots (worn)
Jewellery
 m - a +6 ring of intelligence (left claw)
 n - an amulet of the acrobat
 p - an amulet of regeneration (around neck)
Wands
 b - a wand of flame (25)
 f - a wand of paralysis (2)
 E - a wand of acid (8)
 M - a wand of iceblast (14)
Scrolls
 B - a scroll of teleportation
Potions
 d - 3 potions of might
 g - 2 potions of curing
 j - 2 potions of attraction
 q - a potion of ambrosia
 x - a potion of lignification
 L - 2 potions of flight


   Skills:
 + Level 7.8 Fighting
 + Level 9.1 Axes
 + Level 4.0 Throwing
 + Level 8.1 Armour
 + Level 3.4 Dodging
 + Level 0.2 Stealth
 + Level 7.3 Shields
 * Level 6.8 Invocations
 * Level 4.9 Evocations


You had 10 spell levels left.
You didn't know any spells.
Your spell library contained the following spells:

 Spells                   Type           Power      Damage    Failure   Level
 Foxfire                  Conj/Fire      0%         2x1d4     99%         1
 Slow                     Hex            0%         N/A       99%         1
 Ensorcelled Hibernation  Hex/Ice        0%         N/A       100%        2
 Passwall                 Tmut/Erth      0%         N/A       100%        2
 Confusing Touch          Hex            0%         N/A       100%        3
 Conjure Flame            Conj/Fire      0%         6-21      100%        3
 Gell's Gravitas          Tloc           0%         N/A       100%        3
 Inner Flame              Hex/Fire       0%         N/A       100%        3
 Lesser Beckoning         Tloc           0%         N/A       100%        3
 Swiftness                Air            0%         N/A       100%        3
 Teleport Other           Tloc           0%         N/A       100%        3
 Vampiric Draining        Necr           0%         2d6       100%        3
 Flame Wave               Conj/Fire      0%         2d4       100%        4


Dungeon Overview and Level Annotations

Branches:
Dungeon (10/15)            Temple (1/1) D:6            Lair (0/6) D:8
    Orc: D:9-12

Altars:
Ashenzari
Elyvilon
Fedhas
Gozag
Hepliaklqana
Kikubaaqudgha
Nemelex Xobeh
Okawaru
Qazlal
Ru
Sif Muna
Trog
Uskayaw
Wu Jian
Yredelemnul
Zin
The Shining One

Shops:
D:4 !

Annotations:
D:4 1 runed translucent door, jlumianski's ghost, amateur SpEn


Innate Abilities, Weirdness & Mutations

You have very sharp fingernails.
You are partially covered in slimy green scales. (AC +2)
You are mostly covered in sharp spines.
You have sharp toenails.
You are partially covered in large bone plates. (SH +4)
You tend to lose your temper in combat.
Your flesh is cold resistant. (rC+)


Message History

You block the deep troll's attack.
The deep troll claws you but does no damage.
The deep troll claws you.
You can now deal lightning-fast blows.
The deep troll bites you but does no damage.
The deep troll claws you but does no damage.
The deep troll barely misses you.
You slash the deep troll! You burn the deep troll.
The deep troll is heavily wounded.
You hit the deep troll. You burn the deep troll.
The deep troll is severely wounded.
The deep troll bites you! The deep troll claws you.
You block the deep troll's attack.
You closely miss the deep troll.
The deep troll is severely wounded.
You hit the deep troll. You burn the deep troll.
The deep troll is severely wounded.
The deep troll bites you!
* * * LOW HITPOINT WARNING * * *
The deep troll claws you!
* * * LOW HITPOINT WARNING * * *
You block the deep troll's attack.
Okay, then.
As you read the scroll of fear, it crumbles to dust.
You assume a fearsome visage.
The deep troll resists with some effort.
The deep troll is struck by your spines.
The deep troll bites you.
* * * LOW HITPOINT WARNING * * *
The deep troll claws you.
* * * LOW HITPOINT WARNING * * *
The deep troll claws you but does no damage.
The deep troll attacks as you move away!
The deep troll closely misses you. The deep troll claws you.
* * * LOW HITPOINT WARNING * * *
You block the deep troll's attack.
The deep troll attacks as you move away!
The deep troll bites you but does no damage.
The deep troll claws you!
You die...

........# #^.#
........# #.###
######..# ##..#
#..# ##.# #### #..#
##.# ...# #..# #..#
##.#
#..#########.## #.#
#..........T.#
##'###.#########@##
)....'.# #.#
##'###.# #.# #.# #.
..# #.# #. .## ..#
#. .. ### #. .# #.
######


You could see a deep troll.

Vanquished Creatures
  A centaur warrior (D:9)
  A deep elf pyromancer (D:9)
  2 ugly things
  Maurice (D:9)
  A troll (D:10)
  5 yaks
  2 steam dragons
  3 wargs
  An acid dragon (D:9)
  A water moccasin (D:6)
  A sky beast (Temple)
  5 orc warriors
  2 black bears
  An ice beast (D:5)
  2 ogres
  2 centaurs (D:9)
  A phantom (D:3)
  2 kobold brigands
  2 necrophages
  A gnoll sergeant (D:6)
  5 scorpions
  12 wights
  13 killer bees
  6 howler monkeys
  2 electric eels (D:6)
  4 hounds
  10 orc priests
  A jelly (D:5)
  5 iguanas
  6 orc wizards
  Robin (D:3)
  5 gnolls
  6 adders
  A shadow imp (D:6)
  An ufetubus (D:5)
  5 worms
  3 dart slugs (D:1)
  34 orcs
  9 ball pythons
  6 bats
  5 endoplasms
  A giant cockroach (D:1)
  18 goblins
  13 hobgoblins
  2 jackals (D:1)
  9 kobolds
  7 quokkas
  2 frilled lizards (D:1)
  4 rats
233 creatures vanquished.

Vanquished Creatures (others)
  25 plants
25 creatures vanquished.

Grand Total: 258 creatures vanquished

Notes
Turn   | Place    | Note
-------+----------+-------------------------------------------
     0 | D:1      | jlumianski the Demonspawn Fighter began the quest for the
                  | Orb.
     0 | D:1      | Reached XP level 1. HP: 18/18 MP: 1/1
    84 | D:1      | Gained mutation: You are partially covered in slimy green
                  | scales. (AC +2) [demonic ancestry]
    84 | D:1      | Reached XP level 2. HP: 20/24 MP: 2/2
   150 | D:1      | Found a faded altar of an unknown god.
   243 | D:1      | Reached skill level 2 in Axes
   463 | D:1      | Gained mutation: You are partially covered in sharp spines.
                  | [demonic ancestry]
   463 | D:1      | Reached XP level 3. HP: 26/29 MP: 3/3
  1526 | D:2      | Gained mutation: You tend to lose your temper in combat.
                  | [potion of mutation]
  1526 | D:2      | Gained mutation: Your flesh is cold resistant. (rC+)
                  | [potion of mutation]
  1526 | D:2      | Gained mutation: You have hidden genetic potential. [potion
                  | of mutation]
  1653 | D:3      | Reached skill level 3 in Axes
  1653 | D:3      | Reached XP level 4. HP: 21/35 MP: 4/4
  1739 | D:3      | Gained mutation: You have sharp toenails. [hidden
                  | potential]
  1878 | D:3      | Gained mutation: You are mostly covered in sharp spines.
                  | [demonic ancestry]
  1878 | D:3      | Reached XP level 5. HP: 23/41 MP: 5/5
  2067 | D:3      | Found an ornate altar of the Wu Jian Council.
  2070 | D:3      | Found a basalt altar of Yredelemnul.
  2298 | D:3      | Noticed Robin
  2305 | D:3      | Killed Robin
  2318 | D:3      | Gained mutation: You are partially covered in large bone
                  | plates. (SH +4) [hidden potential]
  2318 | D:3      | Lost mutation: You have hidden genetic potential. [hidden
                  | potential expressed]
  2521 | D:3      | Noticed a phantom
  2534 | D:3      | Killed a phantom
  2535 | D:3      | Reached skill level 4 in Axes
  2535 | D:3      | Gained mutation: You have sharp fingernails. [demonic
                  | ancestry]
  2535 | D:3      | Reached XP level 6. HP: 47/48 MP: 6/6
  2723 | D:4      | Found a runed translucent door.
  2724 | D:4      | Noticed jlumianski's ghost (amateur SpEn)
  2763 | D:4      | Found Gayvadgh's Distillery.
  3043 | D:4      | You fall into a shaft and drop 2 floors!
  3055 | D:5      | Entered Level 5 of the Dungeon
  3085 | D:5      | Noticed an ice beast
  3094 | D:5      | Killed an ice beast
  3095 | D:5      | Reached XP level 7. HP: 54/54 MP: 7/7
  3444 | D:5      | Reached skill level 5 in Axes
  4196 | D:5      | Reached skill level 5 in Fighting
  4282 | D:5      | Reached XP level 8. HP: 62/62 MP: 8/8
  4484 | D:5      | Reached skill level 5 in Armour
  4668 | D:6      | Found a staircase to the Ecumenical Temple.
  4679 | Temple   | Entered the Ecumenical Temple
  4683 | Temple   | Reached skill level 1 in Throwing
  4843 | Temple   | Became a worshipper of Warmaster Okawaru
  5256 | D:7      | Found a sacrificial altar of Ru.
  5317 | D:7      | Reached skill level 6 in Axes
  6033 | D:6      | Reached * piety under Okawaru
  6034 | D:6      | Reached skill level 5 in Shields
  6461 | D:6      | Gained mutation: You have very sharp fingernails. [demonic
                  | ancestry]
  6461 | D:6      | Reached XP level 9. HP: 42/69 MP: 9/9
  6775 | D:6      | Reached ** piety under Okawaru
  6779 | D:6      | Reached skill level 7 in Axes
  6824 | D:6      | Reached skill level 8 in Axes
  6824 | D:6      | Reached XP level 10. HP: 79/79 MP: 9/13
  8172 | D:8      | Found a hide-covered altar of Uskayaw.
  8181 | D:8      | Identified the +6 long sword of Karma {venom, rN+}
  8377 | D:8      | Reached skill level 5 in Invocations
  8416 | D:8      | Found a staircase to the Lair.
  8485 | D:8      | Reached *** piety under Okawaru
  8950 | D:10     | Entered Level 10 of the Dungeon
  9227 | D:9      | Found a shimmering blue altar of Sif Muna.
  9228 | D:9      | Noticed Maurice
  9258 | D:9      | Paralysed by something for 4 turns
  9261 | D:9      | Killed Maurice
  9262 | D:9      | Reached XP level 11. HP: 77/84 MP: 15/15
  9330 | D:9      | Noticed a green ugly thing
  9330 | D:9      | Noticed a tengu warrior
  9330 | D:9      | Noticed a red ugly thing
  9366 | D:8      | Killed a red ugly thing
  9602 | D:9      | Killed a red ugly thing
  9602 | D:9      | Reached **** piety under Okawaru
  9618 | D:9      | Noticed a deep elf pyromancer
  9643 | D:9      | Killed a deep elf pyromancer
  9704 | D:9      | Found a hazy altar of Hepliaklqana.
  9850 | D:9      | Noticed a centaur warrior
  9861 | D:9      | Killed a centaur warrior
  9862 | D:9      | Reached skill level 9 in Axes
 10076 | D:10     | HP: 4/85 [poisoned by a hornet]
 10323 | D:10     | Noticed a deep troll
 10338 | D:10     | HP: 4/86 [deep troll (4)]
 10345 | D:10     | Slain by a deep troll

Illustrated notes

Levels and vault maps discovered:
D:1:      minmay_arrival_radiant_lines, layout_basic,
          hellmonk_ecumenical_altar_heavens_door
D:2:      layout_loops_ring
D:3:      layout_basic, grunt_temple_overflow_open, kennysheep_generic_room_7,
          uniq_robin
D:4:      nicolae_cairo_tiling, layout_rooms, ebering_ghost_sewer_d,
          serial_shops, shop
D:5:      layout_rooms, serial_rivers, chequers_serial_rivers_room_a,
          chequers_serial_rivers_large_b, chequers_serial_rivers_micro_d,
          chequers_serial_rivers_micro_a, chequers_serial_rivers_marsh,
          chequers_serial_rivers_room_b, st_stairs_7, kennysheep_generic_room_3
D:6:      layout_basic, minmay_temple_entry_ruins, serial_bayou_ford_a,
          amcnicky_mini_corridor_feature, lemuel_flamethrower_1
D:7:      corexii_shack_village, layout_basic, old_standard_altar,
          nicolae_ossuary_entry_plus, eino_jars
D:8:      layout_cave_pools, amcnicky_altar_gilded, elyvilon_altar_4,
          erik_lair_orcish_takeover
D:9:      layout_loops_corners, lemuel_round_altar, lemuel_round_altar,
          hiddenorc2_lemuel, hangedman_minor_gate_pass, uniq_maurice,
          uniq_harold
D:10:     dreamdust_cave_troll, layout_cave_pools, minmay_door_square
Temple:   regret_index_temple_generic_petals

Skill      XL: |  1  2  3  4  5  6  7  8  9 10 11 |
---------------+----------------------------------+-----
Armour         | 3 4 6 7 8 |  8.1
Axes           | 2 3 4 5 6 8 9 |  9.1
Shields        | 3 5 6 7 |  7.3
Fighting       | 4 5 7 |  7.8
Throwing       | 1 4 |  4.0
Dodging        | 3 |  3.4
Invocations    | 4 5 6 |  6.8
Evocations     | 3 4 |  4.9
Stealth        | |  0.2

Action                   |  1- 3 |  4- 6 |  7- 9 | 10-12 || total
-------------------------+-------+-------+-------+-------++-------
Melee: War axe           |   106 |    86 |   185 |   262 ||   639
       Kick              |       |    15 |    54 |     2 ||    71
Throw: Stone             |     4 |     7 |    11 |       ||    22
Invok: Heroism           |       |       |       |     6 ||     6
       Finesse           |       |       |       |     4 ||     4
Evoke: Wand              |       |       |       |     3 ||     3
  Use: Scroll            |     2 |       |    11 |    10 ||    23
       Potion            |     2 |       |     4 |     6 ||    12
Armor: Scale mail        |    49 |       |       |       ||    49
       Plate armour      |    11 |    28 |    97 |   142 ||   278
Dodge: Dodged            |    65 |    15 |    70 |    84 ||   234
Block: Buckler           |    32 |    24 |   107 |   177 ||   340

Table legend: (Time is in decaauts)
 A = Elapsed time spent in this place.
 B = Non-inter-level travel time spent in this place.
 C = Inter-level travel time spent in this place.
 D = Time resting spent in this place.
 E = Time spent auto-exploring this place.
 F = Levels seen in this place.
 G = Mean time per level.
                   A        B        C        D        E       F      G
               +--------+--------+--------+--------+--------+-----+--------+
         Total |  10541 |  10364 |    177 |   1967 |   4305 |  11 |  958.3 |
       Dungeon |  10287 |  10110 |    177 |   1967 |   4305 |  10 | 1028.7 |
        Temple |    253 |    253 |      0 |      0 |      0 |   1 |  253.0 |
               +--------+--------+--------+--------+--------+-----+--------+

Top non-repeatable levels by time:
     D:7: 1702 daAuts
     D:5: 1591 daAuts
     D:6: 1261 daAuts
     D:3: 1203 daAuts
     D:9: 1022 daAuts
     D:8: 924 daAuts
     D:2: 890 daAuts
     D:4: 726 daAuts
     D:1: 709 daAuts
    D:10: 255 daAuts
  Temple: 253 daAuts
